 Dungeon Crawl Stone Soup version 0.30-a0-715-gdb4ae3ece1 (webtiles) character file.

Game seed: 13525236987427206881

53 swamp the Cudgeller (level 3, 0/34 HPs)
             Began as a Minotaur Berserker on Jan 24, 2023.
             Was a Believer of Trog.
             Slain by an adder (1 damage)
             ... on level 2 of the Dungeon.
             The game lasted 00:07:08 (562 turns).

swamp the Cudgeller (Minotaur Berserker)             Turns: 562, Time: 00:07:09

Health: 0/34       AC:  2    Str: 23    XL:     3   Next: 64%
Magic:  2/2        EV: 12    Int:  4    God:    Trog [**....]
Gold:   37         SH:  0    Dex:  9    Spells: 2/2 levels left

rFire   . . .      SeeInvis .    c - +0 sling
rCold   . . .      Faith    .    (no shield)
rNeg    . . .      Spirit   .    b - +0 animal skin
rPois   .          Reflect  .    (helmet restricted)
rElec   .          Harm     .    (no cloak)
rCorr   .          Rampage  .    (no gloves)
Will    .....                    (no boots)
Stlth   +                        (no amulet)
HPRegen 0.25/turn                (no ring)
MPRegen 0.08/turn                (no ring)

@: no status effects
A: horns 2, retaliatory headbutt
a: Renounce Religion, Berserk, Trog's Hand


You were on level 2 of the Dungeon.
You worshipped Trog.
Trog was pleased with you.
You visited 1 branch of the dungeon, and saw 2 of its levels.

You collected 37 gold pieces.

Inventory:

Hand Weapons
 a - a +0 mace
 c - a +0 sling (weapon)
 e - a +0 whip
Missiles
 d - 13 stones
Armour
 b - a +0 animal skin (worn)
Potions
 f - a potion of curing {unknown}


   Skills:
 + Level 4.3 Fighting
 + Level 4.3 Maces & Flails
 + Level 0.9 Ranged Weapons
 + Level 2.6 Armour
 + Level 2.7 Dodging
 + Level 0.1 Stealth


You had 2 spell levels left.
You didn't know any spells.
Your spell library contained the following spells:

 Spells                   Type           Power      Damage    Failure   Level
 Blink                    Tloc           0%         N/A       65%         2
 Manifold Assault         Tloc           0%         N/A       99%         4
 Storm Form               Tmut/Air       0%         N/A       100%        7


Dungeon Overview and Level Annotations

Branches:
Dungeon (2/15)

Altars:

Shops:
D:1 [


Innate Abilities, Weirdness & Mutations

You have a pair of horns on your head.
You reflexively headbutt those who attack you in melee.


Message History

The jackal closely misses you. The jackal attacks as you move away!
The jackal barely misses you. The jackal attacks as you move away!
The jackal closely misses you. The jackal misses you.
A rat comes into view.
The jackal misses you. The jackal attacks as you move away!
The jackal barely misses you. The jackal completely misses you.
The jackal bites you.
* * * LOW HITPOINT WARNING * * *
Found 3 stones.
The jackal bites you.
* * * LOW HITPOINT WARNING * * *
A kobold comes into view. It is wielding a +0 short sword.
The rat twitches its whiskers.
The jackal attacks as you move away! The jackal barely misses you.
The kobold shouts!
The jackal closely misses you.
A bat comes into view.
You shoot a sling bullet. The sling bullet hits the jackal.
You kill the jackal!
Trog accepts your kill. The bat hits you but does no damage.
The bat completely misses you. The bat hits you.
* * * LOW HITPOINT WARNING * * *
You see here 3 stones.
d - 13 stones (gained 3)
The jackal barely misses you.
You shoot a sling bullet.
The sling bullet closely misses the bat.
The bat misses you. The jackal closely misses you.
The bat hits you but does no damage. The adder barely misses you.
You furiously retaliate!
You headbutt the adder. The jackal bites you.
* * * LOW HITPOINT WARNING * * *
The bat barely misses you. You furiously retaliate!
You headbutt the bat. The adder barely misses you.
The bat hits you but does no damage. The adder attacks as you move away!
The adder bites you.
* * * LOW HITPOINT WARNING * * *
The bat misses you. The bat hits you but does no damage. The adder bites you.
You die...

#..# # #..#
#..###
######....
...#...#########
##.#.#.........#
#hhr.†.#######.#
#Sb#.### #.###
#@.#.#


#rS.h #..#.# #.### ...#.. ...# ###.... .....# ###### ####### You could see an
adder, 2 jackals, a bat and a rat.

Vanquished Creatures
  2 dart slugs (D:1)
  A ball python (D:1)
  5 endoplasms (D:1)
  6 giant cockroaches (D:1)
  3 goblins (D:1)
  2 hobgoblins (D:1)
  9 jackals
  2 quokkas (D:1)
  3 bats (D:1)
  A frilled lizard (D:1)
  4 kobolds
  2 rats (D:1)
40 creatures vanquished.

Notes
Turn   | Place    | Note
-------+----------+-------------------------------------------
     0 | D:1      | swamp the Minotaur Berserker began the quest for the Orb.
     0 | D:1      | Reached XP level 1. HP: 19/19 MP: 0/0
     1 | D:1      | Found a runed translucent door.
    38 | D:1      | Reached XP level 2. HP: 18/27 MP: 1/1
   246 | D:1      | Reached ** piety under Trog
   247 | D:1      | Reached XP level 3. HP: 29/33 MP: 2/2
   390 | D:1      | Found Yzxeuh's Antique Armour Shoppe.
   562 | D:2      | HP: 1/34 [adder (3)]
   562 | D:2      | Slain by an adder

Illustrated notes

Levels and vault maps discovered:
D:1:      dpeg_arrival_caged_fury, layout_basic, serial_shops,
          nicolae_shop_advertising_works [nicolae_subvault_shop_adworks]
D:2:      layout_loops_ring

Skill      XL: |  1  2 |
---------------+-------+-----
Maces & Flails | 4 |  4.3
Fighting       | 4 |  4.3
Ranged Weapons | |  0.9
Armour         | |  2.6
Dodging        | |  2.7
Stealth        | |  0.1

Action                     || total
---------------------------++-------
  Melee: Mace              ||    26
         Headbutt          ||     6
   Fire: Sling             ||    61
 Invoke: Berserk           ||     1
 Armour: Animal skin       ||    23
  Dodge: Dodged            ||   106

Table legend: (Time is in decaauts)
 A = Elapsed time spent in this place.
 B = Non-inter-level travel time spent in this place.
 C = Inter-level travel time spent in this place.
 D = Time resting spent in this place.
 E = Time spent auto-exploring this place.
 F = Levels seen in this place.
 G = Mean time per level.
                   A        B        C        D        E       F      G
               +--------+--------+--------+--------+--------+-----+--------+
         Total |    600 |    255 |    345 |      0 |      0 |   2 |  300.0 |
       Dungeon |    600 |    255 |    345 |      0 |      0 |   2 |  300.0 |
               +--------+--------+--------+--------+--------+-----+--------+

Top non-repeatable levels by time:
     D:1: 555 daAuts
     D:2: 45 daAuts
